 Dungeon Crawl Stone Soup version 0.17.0-15-g6d90897 (console) character file.

746 lauthentik the Covered (level 8, -1/61 HPs)
             Began as a Human Fighter on Nov 10, 2015.
             Killed from afar by an electric eel (10 damage)
             ... with a bolt of electricity
             ... on level 7 of the Dungeon.
             The game lasted 00:20:58 (5291 turns).

lauthentik the Covered (Human Fighter)              Turns: 5291, Time: 00:20:59

Health: -1/61      AC: 15    Str: 22    XL:     8   Next: 5%
Magic:  0/8        EV:  7    Int:  8    God:
Gold:   42         SH: 10    Dex: 13    Spells: 0 memorised, 7 levels left

rFire  . . .     SeeInvis .     a - +0 war axe
rCold  . . .     Clarity  .     E - +0 chain mail
rNeg   . . .     SustAt   .     c - +0 shield
rPois  .         Gourm    .     z - +0 helmet
rElec  .         Spirit   +     (no cloak)
rCorr  .         Warding  .     f - +0 pair of gloves
rMut   .         Stasis   .     A - +2 pair of boots {Fly}
MR     .....                    s - amulet of guardian spirit
Stlth  ..........               (no ring)
                                m - +3 ring of strength

@: flying, not resistant to hostile enchantments, extremely unstealthy
A: no striking features
a: Stop Flying


You were on level 7 of the Dungeon.
You were hungry.

You visited 2 branches of the dungeon, and saw 8 of its levels.

You collected 321 gold pieces.
You spent 279 gold pieces at shops.

Inventory:

Hand Weapons
 a - a +0 war axe (weapon)
 w - a +0 hand crossbow
Missiles
 x - 51 bolts
Armour
 c - a +0 shield (worn)
 f - a +0 pair of gloves (worn)
 z - a +0 helmet (worn)
 A - a +2 pair of boots of flying (worn)
 E - a +0 chain mail (worn)
Jewellery
 m - a +3 ring of strength (left hand)
 s - an amulet of guardian spirit (around neck)
 C - an uncursed ring of see invisible {unknown}
Scrolls
 i - 2 scrolls of recharging {unknown}
 k - 5 scrolls of remove curse {unknown}
 o - a scroll of enchant armour {unknown}
 q - a scroll of identify {unknown}
 r - 2 scrolls of fear {unknown}
 y - a scroll of enchant weapon {unknown}
 D - a scroll of torment {unknown}
Potions
 d - a potion of might
 g - 2 potions of heal wounds {unknown}
 h - 6 potions of curing
 n - 2 potions of invisibility {unknown}
 p - a potion of agility {unknown}
 B - a potion of lignification {unknown}
Books
 u - a book of Maledictions

   Spells                             Type                      Level
   a - Corona                         Hexes                        1
   b - Ensorcelled Hibernation        Hexes/Ice                    2
   c - Confuse                        Hexes                        3
   d - Tukima's Dance                 Hexes                        3
   e - Dazzling Spray                 Conjuration/Hexes            3
Comestibles
 e - 3 bread rations
 j - 3 meat rations
 l - a beef jerky
 t - 12 fruits
 v - a royal jelly


   Skills:
 + Level 4.5 Fighting
 + Level 4.0 Axes
 + Level 2.2 Crossbows
 + Level 4.9 Armour
 + Level 2.8 Dodging
 + Level 0.7 Stealth
 + Level 4.4 Shields


You had 7 spell levels left.
You didn't know any spells.

Dungeon Overview and Level Annotations

Branches:
Dungeon (7/15)             Temple (1/1) D:6

Altars:
Ashenzari
Cheibriados
Dithmenos
Fedhas
Gozag
Kikubaaqudgha
Makhleb
Nemelex Xobeh
Okawaru
Qazlal
Ru
Sif Muna
Trog
Vehumet
Xom
Yredelemnul
The Shining One

Shops:
D:4 [

Annotations:
D:6 Prince Ribbit


Message History

The electric eel is almost dead.
The electric eel shoots out a bolt of lightning at you!
The bolt of electricity hits you!
The electric eel shoots out a bolt of lightning at you!
The bolt of electricity hits you!
You miss the electric eel.
The electric eel is almost dead.
The electric eel shoots out a bolt of lightning at you!
The bolt of electricity hits you!
The electric eel shoots out a bolt of lightning at you!
The bolt of electricity hits you!
* * * LOW HITPOINT WARNING * * *
You hit the electric eel.
The electric eel is almost dead.
The electric eel shoots out a bolt of lightning at you!
The bolt of electricity hits you!
* * * LOW HITPOINT WARNING * * *
The electric eel shoots out a bolt of lightning at you!
The bolt of electricity hits you!
You die...

..........#.#### #P..###...#
≈≈. ..........#....##♣(♣##
#...# ≈.
..........#.)...♣≈≈♣♣♣P#...♣
.
...............♣P≈≈P≈≈♣P..≈♣
..........)...$≈≈≈≈P≈P♣♣♣≈♣♣
..........#....)≈≈≈≈≈P♣ ♣♣♣
...)......#....♣≈≈≈≈≈≈P
♣...#..##.....<♣≈≈≈≈≈≈≈
≈P............$@;≈≈≈≈≈≈
≈...#..####............ ≈..
#.. #......♣≈;≈P≈≈ ..
#......#....♣≈PP≈≈≈ .
#..##..#..[.. ≈≈P≈P ...
#..#......♣♣≈P≈ .....###.#.
♣♣≈ [.. .#


You could see 2 electric eels.

Vanquished Creatures
  A centaur (D:6)
  3 giant frogs
  A scorpion (D:4)
  An electric eel (D:7)
  A crimson imp (D:5)
  A jelly (D:5)
  3 hounds
  2 iguanas (D:5)
  5 adders
  2 oozes
  4 worms
  2 giant geckos
  10 orcs
  A ball python (D:2)
  11 bats
  3 giant cockroaches
  10 goblins
  10 hobgoblins
  14 jackals
  9 kobolds
  2 quokkas
  5 giant newts
  A jackal zombie (D:5)
  2 quokka skeletons
  6 rats
110 creatures vanquished.

Vanquished Creatures (others)
  A plant (D:7)
1 creature vanquished.

Grand Total: 111 creatures vanquished

Notes
Turn   | Place    | Note
--------------------------------------------------------------
     0 | D:1      | lauthentik the Human Fighter began the quest for the Orb.
     0 | D:1      | Reached XP level 1. HP: 18/18 MP: 1/1
   283 | D:1      | Reached XP level 2. HP: 24/24 MP: 2/2
   561 | D:1      | Reached XP level 3. HP: 29/29 MP: 3/3
   889 | D:2      | Found a shimmering altar of Xom.
   977 | D:2      | Reached XP level 4. HP: 8/35 MP: 4/4
  1374 | D:2      | Reached skill level 1 in Dodging
  1813 | D:3      | Reached XP level 5. HP: 39/41 MP: 5/5
  1855 | D:3      | Found a deep blue altar of Sif Muna.
  2298 | D:3      | Found a glowing golden altar of the Shining One.
  2584 | D:4      | Found an opulent altar of Gozag.
  2622 | D:4      | Reached skill level 4 in Armour
  2682 | D:4      | Found Ifaachor's Armour Boutique.
  3146 | D:4      | Found a blossoming altar of Fedhas.
  3193 | D:5      | Entered Level 5 of the Dungeon
  3212 | D:5      | Reached skill level 1 in Crossbows
  3212 | D:5      | Reached XP level 6. HP: 36/48 MP: 6/6
  3488 | D:5      | Found a burning altar of Makhleb.
  3488 | D:5      | Noticed a blizzard demon
  3783 | D:4      | Bought a +2 pair of boots of flying for 279 gold pieces
  3894 | D:6      | Found a sparkling altar of Nemelex Xobeh.
  4043 | D:6      | Reached XP level 7. HP: 51/54 MP: 7/7
  4178 | D:6      | Noticed Prince Ribbit
  4225 | D:6      | Found a staircase to the Ecumenical Temple.
  4863 | Temple   | Entered the Ecumenical Temple
  5253 | D:7      | Reached XP level 8. HP: 41/61 MP: 8/8
  5291 | D:7      | Killed from afar by an electric eel

Action                   |  1- 3 |  4- 6 |  7- 9 || total
-------------------------+-------+-------+-------++-------
Melee: War axe           |   107 |   197 |    77 ||   381
 Fire: Hand crossbow     |       |    17 |     5 ||    22
  Use: Potion            |       |     1 |       ||     1
  Eat: Chunk             |       |    10 |     3 ||    13
       Fruit             |       |       |     1 ||     1
